 Dungeon Crawl Stone Soup version 0.32-a0-918-g0f22ef8d61 (webtiles) character file.

Game seed: 15328932248120921998

678 Adrian566 the Covert (level 7, -7/45 HPs)
             Began as an Octopode Brigand on Apr 11, 2024.
             Mangled by an ogre
             ... wielding a +0 giant spiked club
              (22 damage)
             ... on level 5 of the Dungeon.
             The game lasted 00:04:10 (4310 turns).

Adrian566 the Covert (Octopode Brigand)             Turns: 4310, Time: 00:04:10

Health: -7/45      AC:  1    Str:  9    XL:     7   Next: 60%
Magic:  7/7        EV: 12    Int: 13    God:
Gold:   257        SH:  0    Dex: 19    Spells: 6/6 levels left

rFire   . . .        a - +5 dagger (heavy)
rCold   . . .        (no shield)
rNeg    . . .        (helmet restricted)
rPois   .            (no amulet)
rElec   .            (no ring)
rCorr   .            (no ring)
SInv    .            (no ring)
Will    .....        (no ring)
Stlth   ++++++       (no ring)
HPRegen 0.27/turn    (no ring)
MPRegen 0.10/turn    (no ring)
                     (no ring)

%: no passive effects
@: no status effects
A: almost no armour, amphibious, 8 rings, camouflage 1, gelatinous body 1,
(nimble swimmer 1), tentacles, antennae 1, agile 1
a: no special abilities


You were on level 5 of the Dungeon.
You visited 1 branch of the dungeon, and saw 5 of its levels.

You collected 257 gold pieces.

Inventory:

Hand Weapons
 a - a +5 heavy dagger (weapon)
Missiles
 b - 11 poisoned darts (quivered)
 c - 3 curare-tipped darts
 f - 2 throwing nets
Jewellery
 k - a +6 ring of intelligence
 n - a ring of willpower
Wands
 m - a wand of charming (5)
Scrolls
 g - a scroll of identify
 h - a scroll of immolation {unknown}
 i - 3 scrolls of teleportation
 j - a scroll of enchant armour
Potions
 d - 3 potions of mutation
 e - a potion of attraction
 l - a potion of cancellation
 o - 2 potions of curing
 p - a potion of resistance {unknown}


   Skills:
 + Level 2.9 Fighting
 + Level 3.7 Short Blades
 + Level 2.1 Throwing
 + Level 1.3 Dodging
 + Level 11.1 Stealth


You had 6 spell levels left.
You didn't know any spells.
Your spell library contained the following spells:

 Spells                   Type           Power      Damage    Failure   Level
 Magic Dart               Conj           0%         1d3       30%         1
 Blink                    Tloc           0%         N/A       43%         2
 Call Imp                 Summ           0%         N/A       43%         2


Dungeon Overview and Level Annotations

Branches:
Dungeon (5/15)
 Temple: D:4-7

Altars:
Hepliaklqana

Shops:
D:1 *


Innate Abilities, Weirdness & Mutations

You cannot wear most types of armour.
You are amphibious.
You can wear up to eight rings at the same time.
Your skin changes colour to match your surroundings (Stealth+).
Your rubbery body absorbs attacks. (AC +1, EV +1)
((You are camouflaged when in or above water. (Stealth+)))
You have tentacles for arms and can constrict up to eight enemies at once.
You have a pair of small antennae on your head.
You are agile. (Dex +4, Str/Int -1)


Message History

No target in view!
No target in view!
No target in view!
No target in view!
No target in view!
No target in view!
p - a bubbling dark potion An ogre comes into view.
It is wielding a +0 giant spiked club.
An ogre is nearby!
An ogre is nearby! 2 orcs come into view.
An orc comes into view.
It is wielding a +1 whip of electrocution.
Found a fizzy white potion.
An orc comes into view. It is wielding a +0 flail.
The orc shouts!
You hear an angry hiss.
An adder comes into view.
The ogre shouts!
You puncture the ogre! You squeeze the ogre!
The ogre is severely wounded.
You hear a shout!
The ogre hits you with a +0 giant spiked club!!
Ouch! That really hurt!
You are too injured to fight recklessly!
You are too injured to fight recklessly!
You are too injured to fight recklessly!
Unknown command.
You completely miss the ogre.
The ogre is severely wounded.
The ogre closely misses you.
You closely miss the ogre.
The ogre is severely wounded.
The orc hits you with a +0 short sword. The orc barely misses you.
The ogre closely misses you.
You barely miss the ogre.
The ogre is severely wounded.
The orc hits you with a +0 short sword.
You puncture the ogre!
The ogre is almost dead.
The ogre hits you with a +0 giant spiked club!!
You die...

##.<...>..#. .o#
#.....)..... .#S.#
##..........# .o#..#
#...........#
.o#o.##
#...........#
.....###...........#
#{..##...........#
###o..##...........
#O@................
#....####...........
#....## ##....##....
#..!.### ##..####...
#....# #..# #...
...## ..# #... ..#
... #.... ## .##....


You could see an ogre and an orc.

Vanquished Creatures
  A black bear (D:4)
  An ice beast (D:4)
  A scorpion (D:4)
  A howler monkey (D:4)
  A bombardier beetle (D:4)
  A jelly (D:4)
  3 hounds
  An iguana (D:5)
  An orc wizard (D:3)
  6 gnolls (D:4)
  5 adders
  4 dart slugs
  7 orcs
  6 ball pythons
  3 endoplasms
  A giant cockroach (D:1)
  10 goblins
  10 hobgoblins
  3 jackals (D:3)
  5 kobolds
  4 quokkas
  8 bats
  3 frilled lizards
  6 rats
92 creatures vanquished.

Notes
Turn   | Place    | Note
-------+----------+-------------------------------------------
     0 | D:1      | Adrian566 the Octopode Brigand began the quest for the Orb.
     0 | D:1      | Reached XP level 1. HP: 14/14 MP: 1/1
    45 | D:1      | Reached XP level 2. HP: 18/19 MP: 2/2
    82 | D:1      | Reached skill level 6 in Stealth
   193 | D:1      | Found Beikloru's General Store.
   282 | D:1      | Reached XP level 3. HP: 24/24 MP: 3/3
   581 | D:2      | Found a faded altar of an unknown god.
   978 | D:2      | Gained mutation: You are vulnerable to cold. (rC-) [potion
                  | of mutation]
   978 | D:2      | Gained mutation: You occasionally lose the ability to drink
                  | potions when taking damage. [potion of mutation]
   978 | D:2      | Gained mutation: You sometimes lose the ability to drink
                  | potions when taking damage. [potion of mutation]
   978 | D:2      | Gained mutation: You are agile. (Dex +4, Str/Int -1)
                  | [potion of mutation]
   979 | D:2      | Lost mutation: You sometimes lose the ability to drink
                  | potions when taking damage. [potion of mutation]
   979 | D:2      | Lost mutation: You are vulnerable to cold. (rC-) [potion of
                  | mutation]
   979 | D:2      | Lost mutation: You occasionally lose the ability to drink
                  | potions when taking damage. [potion of mutation]
   979 | D:2      | Gained mutation: You have a pair of small antennae on your
                  | head. [potion of mutation]
  1521 | D:3      | Reached XP level 4. HP: 17/30 MP: 4/4
  1605 | D:3      | Reached skill level 7 in Stealth
  1614 | D:3      | Identified the +4 flail "Golueluipi" {vamp, rF- Str+3 SInv}
  2336 | D:3      | Reached XP level 5. HP: 25/35 MP: 5/5
  2841 | D:4      | Reached skill level 8 in Stealth
  3056 | D:4      | Reached XP level 6. HP: 41/41 MP: 6/6
  3171 | D:4      | Reached skill level 9 in Stealth
  3213 | D:4      | Noticed an ice beast
  3225 | D:4      | Killed an ice beast
  3227 | D:4      | Reached skill level 10 in Stealth
  3227 | D:4      | Reached XP level 7. HP: 6/45 MP: 7/7
  3371 | D:4      | Found a faded altar of an unknown god.
  3371 | D:4      | Found a faded altar of an unknown god.
  3373 | D:4      | Found a hazy altar of Hepliaklqana.
  3846 | D:4      | Reached skill level 11 in Stealth
  4030 | D:5      | Entered Level 5 of the Dungeon
  4310 | D:5      | Mangled by an ogre

Illustrated notes

Levels and vault maps discovered:
D:1:      lightli_arrival_chessboard, layout_loops_ring, serial_shops, shop,
          minmay_liquid_box, minmay_small_reverse_x
D:2:      layout_basic, ebering_ecumenical_altar_webs, nrook_uturn,
          st_stairs_11, minmay_puff
D:3:      minmay_chambers_of_twos, layout_rooms, hangedman_decor_riveting
D:4:      layout_basic, nicolae_hepliaklqana_ecumenical_no_more
D:5:      layout_cave_pods, serial_shops, kennysheep_mini

Skill      XL: |  1  2  3  4  5  6  7 |
---------------+----------------------+-----
Stealth        | 6 7 8 10 11 | 11.1
Short Blades   | 3 |  3.7
Fighting       | |  2.9
Throwing       | |  2.1
Dodging        | |  1.3

Action                     |  1- 3 |  4- 6 |  7- 9 || total
---------------------------+-------+-------+-------++-------
  Melee: Dagger            |    64 |    49 |    27 ||   140
         Constrict         |    10 |    10 |     7 ||    27
         Tentacles         |    12 |     8 |     5 ||    25
    Use: Scroll            |     6 |     7 |       ||    13
         Potion            |     2 |     5 |       ||     7
   Stab: Sleeping          |    22 |    19 |     3 ||    44
 Armour: Skin              |    10 |    19 |    22 ||    51
  Dodge: Dodged            |    22 |    22 |    20 ||    64

Table legend: (Time is in decaauts)
 A = Elapsed time spent in this place.
 B = Non-inter-level travel time spent in this place.
 C = Inter-level travel time spent in this place.
 D = Time resting spent in this place.
 E = Time spent auto-exploring this place.
 F = Levels seen in this place.
 G = Mean time per level.
                   A        B        C        D        E       F      G
               +--------+--------+--------+--------+--------+-----+--------+
         Total |   4329 |   4168 |    161 |    897 |   2628 |   5 |  865.8 |
       Dungeon |   4329 |   4168 |    161 |    897 |   2628 |   5 |  865.8 |
               +--------+--------+--------+--------+--------+-----+--------+

Top non-repeatable levels by time:
     D:3: 1346 daAuts
     D:4: 1214 daAuts
     D:2: 922 daAuts
     D:1: 565 daAuts
     D:5: 282 daAuts
